 Dungeon Crawl Stone Soup version 0.31-a0-806-g0bc164a743 (webtiles) character file.

Game seed: 4385399452512328958

35 freelancePsychic the Gusty (level 3, 0/20 HPs)
             Began as a Deep Elf Air Elementalist on Sept 20, 2023.
             Slain by an orc wizard
             ... wielding a +0 dagger
              (3 damage)
             ... on level 2 of the Dungeon.
             The game lasted 00:02:13 (1589 turns).

freelancePsychic the Gusty (DEAE)                   Turns: 1589, Time: 00:02:13

Health: 0/20       AC:  3    Str:  5    XL:     3   Next: 16%
Magic:  6/9        EV: 12    Int: 21    God:
Gold:   63         SH:  0    Dex: 15    Spells: 7/8 levels left

rFire   . . .        d - +0 whip
rCold   . . .        (no shield)
rNeg    . . .        a - +0 robe
rPois   .            e - +0 helmet
rElec   .            (no cloak)
rCorr   .            (no gloves)
SInv    .            (no boots)
Will    .....        (no amulet)
Stlth   ++           (no ring)
HPRegen 0.23/turn    (no ring)
MPRegen 0.11/turn

%: no passive effects
@: mighty, on berserk cooldown
A: no striking features
a: no special abilities


You were on level 2 of the Dungeon.
You visited 1 branch of the dungeon, and saw 2 of its levels.

You collected 63 gold pieces.

Inventory:

Hand Weapons
 d - a +0 whip (weapon)
Armour
 a - a +0 robe (worn)
 e - a +0 helmet (worn)
Scrolls
 c - 2 scrolls of teleportation {unknown}
 g - 2 scrolls of identify {unknown}
 h - a scroll of vulnerability {unknown}
 k - a scroll of blinking {unknown}
Potions
 b - a potion of magic
 j - a potion of berserk rage
 l - a potion of heal wounds {unknown}


   Skills:
 + Level 0.8 Fighting
 - Level 2.4 Dodging
 * Level 3.4 Stealth
 - Level 3.0 Spellcasting
 - Level 1.1 Conjurations
 * Level 3.6 Air Magic


You had 7 spell levels left.
You knew the following spells:

 Your Spells              Type           Power      Damage    Failure   Level
a - Shock                 Conj/Air       52%        1d6       4%          1

Your spell library contained the following spells:

 Spells                   Type           Power      Damage    Failure   Level
 Static Discharge         Conj/Air       26%        2-4/arc   8%          2
 Swiftness                Air            18%        N/A       9%          3
 Airstrike                Air            9%         2d(2-18)  30%         4


Dungeon Overview and Level Annotations

Branches:
Dungeon (2/15)

Altars:

Annotations:
D:2 Robin


Message History

An orc comes into view. It is wielding a +0 short sword.
The orc wizard casts a spell at you.
You are confused.
It was a potion of berserk rage.
A red film seems to cover your vision as you go berserk!
You feel yourself moving faster!
You feel mighty!
The orc shouts!
You bump into the rock wall.
You feel a strong urge to attack something.
The orc wizard hits you with a +0 dagger.
You closely miss the orc wizard.
The orc wizard is heavily wounded.
You closely miss the orc wizard.
The orc wizard is heavily wounded.
The orc wizard mumbles some strange words.
The orc wizard flickers and vanishes!
Deactivating autopickup; reactivate with Ctrl-A.
You closely miss something. Something hits you.
You bump into the rock wall.
You are no longer berserk.
You are exhausted.
You feel yourself slow down. Something hits you.
It was a potion of cancellation.
Your magical effects are unravelling.
You feel magically purged.
You feel yourself speed up.
You feel less confused.
You hear some strange, mumbled words.
Something tries to affect you, but you resist.
You hit something but do no damage. Something hits you.
You hit something.
You hear some strange, mumbled words.
A magic dart appears from out of thin air!
The magic dart hits you!
* * * LOW HITPOINT WARNING * * *
It was a potion of might.
You feel very mighty all of a sudden. Something hits you but does no damage.
You closely miss something. Something hits you.
You die...

#........ ...
#..###### #.# #.##
#)# #.####### #.#
#........ #o#
#.######. #o# #.#
#. #{# #.# #. #@#
#.# #. ##.## #.#
#. #...# #.## #.
#...######...# #.
#.##...##......#.#
#.
#........#.##...#
##
.........###....##
...........#.#####
...###...##.###


You could see 2 orcs.

Vanquished Creatures
  An orc (D:2)
  2 endoplasms
  2 giant cockroaches (D:1)
  6 goblins
  4 hobgoblins
  3 jackals (D:1)
  2 quokkas
  3 ball pythons
  2 bats
  2 frilled lizards (D:1)
  A kobold (D:1)
28 creatures vanquished.

Notes
Turn   | Place    | Note
-------+----------+-------------------------------------------
     0 | D:1      | freelancePsychic the Deep Elf Air Elementalist began the
                  | quest for the Orb.
     0 | D:1      | Reached XP level 1. HP: 10/10 MP: 6/6
   468 | D:1      | Reached XP level 2. HP: 16/16 MP: 6/8
  1171 | D:2      | Noticed Robin
  1326 | D:2      | Reached XP level 3. HP: 20/20 MP: 2/9
  1589 | D:2      | Slain by an orc wizard

Illustrated notes

Levels and vault maps discovered:
D:1:      lightli_arrival_farm, layout_loops_ring
D:2:      cheibrodos_greedy_goblins, layout_loops_ring, uniq_robin

Skill      XL: |  1  2 |
---------------+-------+-----
Stealth        | 3 |  3.4
Fighting       | |  0.8
Dodging        | |  2.4
Spellcasting   | |  3.0
Conjurations   | |  1.1
Air Magic      | |  3.6

Action                     || total
---------------------------++-------
  Melee: Unarmed           ||     7
         Whip              ||    17
   Cast: Shock             ||    59
    Use: Scroll            ||     1
         Potion            ||     3
 Armour: Robe              ||    23
  Dodge: Dodged            ||    16

Table legend: (Time is in decaauts)
 A = Elapsed time spent in this place.
 B = Non-inter-level travel time spent in this place.
 C = Inter-level travel time spent in this place.
 D = Time resting spent in this place.
 E = Time spent auto-exploring this place.
 F = Levels seen in this place.
 G = Mean time per level.
                   A        B        C        D        E       F      G
               +--------+--------+--------+--------+--------+-----+--------+
         Total |   1606 |   1445 |    161 |     24 |   1244 |   2 |  803.0 |
       Dungeon |   1606 |   1445 |    161 |     24 |   1244 |   2 |  803.0 |
               +--------+--------+--------+--------+--------+-----+--------+

Top non-repeatable levels by time:
     D:1: 1229 daAuts
     D:2: 377 daAuts
